Map: Nightscape LE

Players

JernJan - Winner!

  • Race: Zerg Zerg
  • League: Master
  • Spawn Location: 1:00

Xeno - Winner!

  • Race: Zerg Zerg
  • League: Diamond
  • Spawn Location: 1:00

qqq

  • Race: Zerg Zerg
  • Spawn Location: 7:00

Massa

  • Race: Terran Terran
  • League: Platinum
  • Spawn Location: 7:00

VOD

Have the link to the VOD?

Description

Time

  • Played on: March 20, 2021, 5:40 p.m.
  • Length: 15:25
Show
View Real Time Build Order
Export as new Build Order

JernJan Zerg - Winner!

Build Orders: Hatch First 

Get SALT Encoding   

  12  0:00  Drone  
  13  0:12  Overlord  
  13  0:16  Drone  
  14  0:30  Drone x2  
  16  0:49  Hatchery  
  15  0:52  Drone  
  15  0:55  Drone  
  17  0:59  Drone  
  18  1:09  Extractor  
  17  1:15  Spawning Pool  
  17  1:18  Drone  
  17  1:21  Drone  
  18  1:27  Drone  
  19  1:41  Drone  
  20  1:50  Overlord  
  20  2:02  Queen  
  20  2:03  Queen  
  20  2:04  Zergling x4  
  26  2:11  Drone  
  26  2:12  Drone  
  28  2:16  Metabolic Boost  
  28  2:21  Drone  
  29  2:23  Drone  
  30  2:31  Overlord  
  30  2:33  Drone  
  31  2:40  Queen  
  33  2:49  Drone x2  
  35  3:00  Hatchery  
  35  3:01  Zergling x4  
  36  3:08  Zergling x4  
  38  3:16  Drone  
  38  3:17  Drone x4  
  43  3:24  Drone  
  44  3:37  Extractor  
  44  3:38  Overlord x2  
  43  3:47  Drone  
  43  3:48  Overlord  
  42  4:04  Zergling x2  
  42  4:05  Zergling x12  
  49  4:12  Lair  
  49  4:16  Roach Warren  
  46  4:17  Zergling x2  
  46  4:18  Zergling x10  
  46  4:23  Drone  
  51  4:29  Drone, Queen  
  54  4:35  Drone x2, Evolution Chamber x2  
  54  4:37  Drone  
  55  4:43  Drone  
  55  4:44  Drone x3  
  53  4:57  Roach  
  53  4:58  Roach x3  
  58  5:02  Zerg Missile Weapons Level 1  
  58  5:04  Extractor  
  53  5:07  Extractor  
  53  5:08  Zerg Ground Armor Level 1  
  53  5:09  Drone  
  53  5:11  Drone  
  54  5:25  Glial Reconstitution  
  54  5:27  Drone x3  
  54  5:28  Drone x3  
  60  5:29  Overlord  
  60  5:31  Roach  
  60  5:44  Roach  
  60  5:45  Roach x4  
  69  5:51  Ravager  
  69  5:56  Drone x7  
  68  6:06  Drone x5  
  68  6:15  Drone x2  
  64  6:27  Drone  
  64  6:28  Drone  
  66  6:36  Roach x6  
  75  6:45  Hatchery  
  74  6:49  Spine Crawler  
  74  6:54  Drone x3  
  74  6:58  Zerg Missile Weapons Level 2  
  76  7:04  Overlord x2  
  74  7:20  Roach  
  74  7:21  Roach  
  76  7:25  Zerg Ground Armor Level 2  
  72  7:36  Roach  
  71  7:37  Roach x7  
  71  7:42  Drone  
  71  7:43  Drone x2  
  83  7:44  Drone  
  84  7:54  Drone x3  
  87  8:05  Infestation Pit  
  86  8:09  Hydralisk Den  
  85  8:19  Drone x3  
  92  8:20  Drone x8  
  92  8:24  Overlord  
  92  8:25  Queen  
  98  8:37  Overlord x2  
  98  8:38  Overlord  
  98  8:43  Hive  
  98  8:44  Drone  
  99  8:48  Muscular Augments  
  99  8:51  Roach x2  
  103  9:12  Hydralisk  
  103  9:13  Hydralisk x4  
  113  9:27  Hatchery  
  112  9:34  Hydralisk  
  112  9:35  Hydralisk x7  
  94  9:54  Hydralisk x6  
  94  9:55  Hydralisk x2  
  94  9:59  Burrow  
  106  10:03  Spore Crawler  
  106  10:04  Grooved Spines  
  106  10:05  Spore Crawler  
  104  10:09  Spore Crawler  
  103  10:15  Spore Crawler  
  103  10:16  Spore Crawler x2  
  103  10:17  Drone x3  
  103  10:19  Drone x2  
  103  10:20  Drone  
  106  10:23  Roach  
  106  10:24  Overlord  
  98  10:51  Overseer x2  
  98  10:54  Hydralisk  
  98  10:55  Hydralisk x5  
  100  11:02  Drone  
  100  11:03  Drone x6  
  107  11:07  Spore Crawler  
  106  11:14  Overlord x3  
  106  11:19  Spore Crawler  
  106  11:21  Roach x2  
  109  11:29  Drone x3  
  109  11:32  Spore Crawler  
  111  11:33  Spore Crawler  
  111  11:37  Drone x2, Spine Crawler  
  111  11:38  Spine Crawler  
  110  11:43  Roach x3  
  116  12:03  Roach  
  116  12:04  Roach x10  
  138  12:09  Viper x2  
  144  12:26  Zerg Missile Weapons Level 3  
  144  12:29  Zerg Ground Armor Level 3  
  144  12:32  Drone, Extractor x2  
  144  12:34  Extractor x2  
  141  12:38  Drone x3  
  141  12:39  Drone x3  
  147  12:50  Drone x3  
  151  12:51  Drone x2  
  151  12:53  Overlord x2  
  151  12:54  Overlord x2  
  152  13:14  Viper x2  
  152  13:15  Hydralisk  
  152  13:16  Hydralisk x3  
  152  13:19  Zergling x18  
  142  13:41  Hydralisk  
  142  13:42  Hydralisk x9  
  142  13:44  Overlord x2  
  160  14:00  Queen  
  162  14:03  Overlord  
  162  14:05  Roach x7  
  162  14:08  Overlord  
  162  14:09  Overlord  
  176  14:25  Overseer  
  176  14:26  Overseer  
  176  14:27  Pneumatized Carapace  
  176  14:29  Roach x8  
  176  14:30  Roach  
  181  15:01  Hydralisk  
Show
View Real Time Build Order
Export as new Build Order

Xeno Zerg - Winner!

Build Orders: Hatch First 

Get SALT Encoding   

  12  0:01  Drone  
  13  0:13  Overlord  
  13  0:17  Drone  
  14  0:32  Drone  
  14  0:33  Drone  
  16  0:36  Drone  
  17  0:56  Hatchery  
  16  0:58  Drone  
  16  0:59  Drone  
  18  1:12  Extractor  
  18  1:15  Spawning Pool  
  18  1:17  Drone  
  17  1:20  Drone  
  18  1:32  Drone  
  19  1:42  Overlord  
  19  2:02  Queen  
  19  2:03  Zergling x4  
  23  2:09  Queen  
  23  2:12  Metabolic Boost  
  25  2:17  Drone x2  
  25  2:20  Drone  
  28  2:24  Drone  
  29  2:33  Drone  
  29  2:35  Drone  
  31  2:39  Baneling Nest  
  30  2:54  Zergling x4  
  30  2:58  Hatchery  
  31  2:59  Zergling x2  
  33  3:12  Zergling x2  
  33  3:13  Zergling x6  
  36  3:30  Baneling  
  36  3:31  Baneling x3  
  34  3:57  Drone  
  34  3:58  Drone  
  35  4:23  Overlord x2  
  35  4:24  Zergling x2, Overlord  
  34  4:25  Zergling x16  
  40  4:33  Drone x2  
  40  4:39  Queen  
  40  4:40  Overlord  
  40  4:44  Drone x2  
  44  4:47  Lair  
  44  4:48  Drone  
  44  4:49  Drone x2  
  47  4:58  Drone x3, Spine Crawler  
  47  4:59  Spine Crawler  
  48  5:02  Drone, Spine Crawler  
  48  5:03  Drone  
  48  5:09  Drone x3  
  48  5:14  Zergling x4  
  45  5:23  Roach Warren  
  45  5:26  Extractor, Drone x2  
  45  5:27  Drone  
  46  5:31  Zergling x2  
  46  5:32  Zergling x4  
  49  5:41  Spine Crawler  
  48  5:43  Zergling x2  
  48  5:44  Zergling x6  
  48  5:46  Zergling x4  
  48  5:47  Zergling x2  
  53  5:54  Zergling x6  
  53  5:55  Zergling x2  
  53  5:57  Zergling x2  
  53  5:58  Zergling x2  
  53  5:59  Zergling x2  
  53  6:02  Zergling x2  
  53  6:03  Zergling x2  
  57  6:31  Zergling x2  
  57  6:45  Roach x10  
  70  6:56  Drone  
  67  7:03  Glial Reconstitution  
  67  7:04  Extractor  
  66  7:09  Extractor  
  65  7:20  Roach x4  
  71  7:35  Drone x3  
  73  7:49  Ravager  
  74  7:53  Overlord x2  
  74  7:54  Overlord x2  
  71  8:01  Drone  
  71  8:02  Drone x2  
  74  8:16  Drone  
  74  8:17  Drone x8  
  83  8:23  Drone  
  83  8:26  Ravager x2  
  83  8:27  Ravager x8  
  94  8:37  Queen  
  96  8:44  Overseer x2  
  96  9:03  Spire  
  96  9:04  Drone  
  96  9:05  Drone x8  
  96  9:06  Overlord x2  
  104  9:16  Spore Crawler  
  100  9:18  Spore Crawler x2  
  100  9:20  Spore Crawler  
  70  9:35  Extractor  
  70  9:36  Extractor, Queen, Spore Crawler  
  70  9:37  Drone  
  70  9:38  Drone x10  
  69  9:39  Spore Crawler  
  68  9:45  Spore Crawler  
  68  9:47  Spore Crawler  
  68  9:50  Drone  
  68  9:51  Drone x3  
  70  10:01  Centrifical Hooks  
  70  10:06  Hatchery  
  69  10:15  Mutalisk  
  69  10:16  Mutalisk x7  
  85  10:23  Zerg Flyer Weapons Level 1  
  85  10:28  Mutalisk  
  87  10:43  Zergling x2  
  87  10:44  Zergling x22  
  93  11:05  Overseer  
  93  11:07  Drone  
  93  11:08  Mutalisk  
  93  11:09  Mutalisk x5  
  106  11:21  Zergling x2  
  106  11:22  Zergling x10  
  106  11:23  Overlord  
  112  11:32  Overlord x4  
  112  11:41  Zergling x16  
  120  11:58  Mutalisk x8  
  123  12:24  Mutalisk x4  
  131  12:48  Infestation Pit  
  130  13:07  Overlord  
  130  13:08  Overlord x6  
  130  13:20  Baneling  
  130  13:21  Baneling x2  
  130  13:34  Baneling x13  
  130  13:35  Baneling x10  
  130  14:07  Zergling x2  
  130  14:08  Zergling x4, Overlord x3  
  130  14:09  Overlord  
  118  14:24  Corruptor  
  118  14:25  Corruptor x10  
  118  14:28  Zergling x2  
  118  14:29  Zergling x24  
  154  14:38  Zergling x2  
  154  14:39  Zergling x4  
  156  14:50  Hatchery  
  155  14:53  Evolution Chamber  
  155  14:54  Evolution Chamber  
  155  14:57  Extractor  
  155  14:59  Overseer  
  152  15:01  Extractor  
  151  15:07  Spore Crawler  
Show
View Real Time Build Order
Export as new Build Order

qqq Zerg 

Build Orders: Hatch First 

Get SALT Encoding   

  12  0:00  Drone  
  13  0:09  Drone  
  14  0:21  Overlord  
  14  0:50  Hatchery  
  13  0:59  Drone  
  13  1:00  Drone x2  
  16  1:16  Extractor  
  16  1:18  Spawning Pool  
  14  1:33  Drone x2  
  14  1:34  Drone  
  17  1:50  Drone  
  18  1:56  Drone  
  19  2:04  Drone  
  20  2:12  Queen x2  
  20  2:14  Drone  
  20  2:15  Drone  
  26  2:23  Drone  
  26  2:25  Drone  
  28  2:43  Overlord x2  
  28  2:44  Overlord  
  28  2:46  Metabolic Boost  
  28  3:03  Lair  
  28  3:07  Drone x2, Roach Warren  
  29  3:13  Drone x2  
  29  3:15  Drone  
  32  3:20  Extractor  
  32  3:21  Drone  
  32  3:22  Drone  
  33  3:27  Drone  
  33  3:28  Drone  
  33  3:32  Drone  
  36  3:42  Zergling x10  
  36  3:46  Zergling x2  
  42  3:58  Roach  
  42  3:59  Roach  
  42  4:01  Glial Reconstitution  
  43  4:11  Roach x3  
  43  4:12  Drone  
  47  4:28  Zergling x2, Roach x2  
  50  4:39  Drone  
  51  5:03  Overlord x5  
  51  5:04  Overlord  
  51  5:12  Overlord  
  51  5:21  Queen  
  51  5:22  Roach x2  
  51  5:28  Drone, Evolution Chamber  
  57  5:32  Evolution Chamber, Roach  
  58  5:46  Roach x2  
  64  5:57  Roach x2  
  64  5:58  Drone  
  65  6:08  Zergling x8  
  69  6:14  Roach  
  71  6:28  Hatchery  
  64  6:41  Zergling x16  
  64  6:42  Zergling x2  
  73  6:49  Extractor, Spire  
  73  6:50  Extractor  
  68  7:06  Drone x4  
  72  7:09  Hatchery  
  56  7:28  Drone x5  
  56  7:29  Drone x5  
  60  7:48  Spire  
  60  7:50  Infestation Pit  
  59  7:51  Drone x3  
  59  7:55  Zergling x2  
  59  7:56  Zergling x4  
  64  8:03  Mutalisk  
  64  8:05  Zerg Flyer Weapons Level 1  
  66  8:07  Mutalisk  
  66  8:10  Mutalisk  
  70  8:13  Drone  
  70  8:16  Mutalisk  
  70  8:18  Hatchery  
  72  8:20  Mutalisk  
  72  8:23  Mutalisk  
  72  8:27  Drone  
  77  8:37  Drone x2  
  77  8:40  Mutalisk  
  81  8:49  Hive  
  81  8:51  Mutalisk  
  81  8:52  Spine Crawler  
  81  8:53  Spine Crawler, Mutalisk x2  
  86  9:01  Hatchery  
  85  9:06  Mutalisk  
  85  9:08  Drone x2, Zergling x2  
  89  9:20  Mutalisk  
  89  9:21  Mutalisk  
  89  9:22  Zergling x8  
  87  9:31  Mutalisk  
  87  9:33  Drone x2, Overlord  
  88  10:00  Hatchery  
  88  10:06  Mutalisk x2  
  91  10:07  Drone x2  
  91  10:09  Drone  
  91  10:12  Drone, Hatchery  
  94  10:24  Mutalisk x3  
  96  10:49  Greater Spire  
  92  10:51  Zerg Flyer Armor Level 1  
  92  10:56  Mutalisk  
  84  11:14  Drone x5  
  84  11:15  Drone x3  
  84  11:16  Drone, Corruptor  
  95  11:20  Queen  
  97  11:27  Drone x2  
  97  11:28  Drone  
  97  11:32  Viper  
  105  11:38  Viper  
  108  11:40  Drone  
  109  11:49  Overlord x3  
  108  11:56  Queen  
  108  11:59  Overlord x2  
  108  12:09  Extractor  
  108  12:10  Extractor  
  106  12:27  Corruptor x3  
  112  12:30  Brood Lord  
  112  12:36  Corruptor  
  116  12:38  Drone x2  
  118  12:48  Corruptor x2  
  122  12:53  Drone x2  
  124  13:07  Brood Lord x2  
  124  13:11  Corruptor  
  130  13:43  Corruptor x3  
  130  13:44  Drone x3  
  133  14:20  Drone x5  
  138  14:36  Corruptor x3  
  144  14:41  Hatchery  
  143  14:56  Corruptor  
  141  15:01  Brood Lord  
  141  15:02  Overlord x4  
Show
View Real Time Build Order
Export as new Build Order

Massa Terran 

Build Orders: 2 Factory 

Get SALT Encoding   

  12  0:00  SCV  
  13  0:12  SCV  
  14  0:22  Supply Depot  
  14  0:25  SCV  
  15  0:35  Refinery  
  15  0:45  Barracks  
  15  0:48  SCV  
  16  1:00  SCV  
  17  1:12  SCV  
  18  1:24  SCV  
  19  1:41  Orbital Command  
  19  1:46  Supply Depot  
  19  1:52  Command Center  
  19  2:07  Factory  
  19  2:14  Refinery  
  19  2:25  Barracks Reactor, SCV  
  20  2:37  SCV  
  21  2:51  Hellion, Factory  
  23  2:55  SCV  
  24  3:02  Marine x2  
  26  3:09  Orbital Command  
  26  3:11  SCV  
  27  3:19  Marine x2  
  29  3:31  Hellion  
  31  3:34  Factory Tech Lab  
  31  3:37  Marine x2  
  31  3:38  SCV x2  
  31  3:41  Supply Depot  
  35  3:50  SCV x2  
  27  4:05  Hellion  
  27  4:09  SCV  
  27  4:10  SCV  
  27  4:12  Hellion x2  
  31  4:22  SCV x2, Engineering Bay  
  33  4:25  Marine  
  33  4:26  Hellion  
  33  4:27  Supply Depot  
  36  4:33  Hellion x2  
  40  4:41  Infernal Pre-Igniter  
  40  4:48  Hellion  
  42  4:54  Hellion  
  42  4:55  Hellion  
  46  5:09  Hellion  
  46  5:16  Hellion  
  46  5:21  Hellion  
  50  5:22  SCV x2  
  52  5:30  Hellion  
  52  5:34  SCV x2  
  52  5:46  SCV x2  
  50  6:05  Hellion x3  
  43  6:24  Barracks Tech Lab, Barracks  
  44  6:25  SCV x2  
  44  6:26  Barracks, Hellion  
  44  6:27  Hellion  
  44  6:28  Barracks  
  44  6:31  Barracks  
  49  6:35  Refinery x2  
  49  6:37  SCV  
  49  6:38  Starport, SCV  
  45  6:49  SCV  
  44  6:55  Hellion x3  
  44  6:59  Marine  
  51  7:02  Stimpack  
  51  7:17  Hellion x2, Marine  
  51  7:19  Hellion  
  58  7:38  Hellion x2  
  52  8:00  Hellion x2  
  52  8:01  Hellion  
  47  8:21  Marauder  
  47  8:22  Barracks Reactor x2, Barracks Tech Lab x2, Hellion  
  47  8:25  Starport Reactor  
  51  8:30  Command Center  
  51  8:37  Missile Turret  
  51  8:38  Missile Turret  
  47  8:42  Marauder  
  47  8:45  Terran Infantry Weapons Level 1  
  47  8:46  Missile Turret  
  47  8:47  Missile Turret  
  49  8:50  Armory  
  49  8:55  Engineering Bay  
  49  8:57  Marauder x2  
  51  9:04  Marauder  
  51  9:09  Widow Mine x2, Siege Tank  
  60  9:12  Marine x2  
  60  9:16  Combat Shield  
  62  9:20  Marine  
  62  9:21  Marine x2  
  62  9:29  Marauder  
  62  9:38  Marauder  
  62  9:40  Marauder  
  62  9:41  Marine x4  
  62  9:42  Widow Mine x2, Siege Tank  
  62  9:43  Supply Depot  
  71  9:48  Supply Depot  
  71  9:49  Supply Depot  
  71  9:50  Marauder  
  70  9:58  Marine x2  
  70  9:59  Marine x3  
  75  10:01  Marauder  
  75  10:04  SCV x2  
  79  10:11  Marine  
  80  10:15  Supply Depot  
  80  10:16  SCV x2, Marine x2, Supply Depot  
  80  10:17  Terran Infantry Armor Level 1, Marauder  
  86  10:22  Marauder  
  88  10:28  Siege Tank  
  88  10:29  Widow Mine x2  
  88  10:30  Marauder  
  74  11:03  Marauder x3, Marine x3  
  83  11:04  Siege Tank  
  83  11:05  Widow Mine  
  82  11:13  Orbital Command  
  82  11:19  Widow Mine  
  82  11:21  Marine  
  82  11:24  Marauder x3  
  91  11:26  Widow Mine  
  91  11:32  Drilling Claws  
  93  11:44  Marine x2  
  93  11:45  Marine  
  93  11:46  Marauder x2  
  96  12:08  Siege Tank  
  97  12:39  Widow Mine x2  
  97  12:40  Siege Tank  
  104  12:50  Smart Servos  
  104  13:13  Supply Depot  
  104  13:14  Supply Depot x2  
  104  13:16  Supply Depot x2  
  102  13:27  Marine x2  
  102  13:28  Marauder, Marine x2, Concussive Shells  
  102  13:29  Marauder, Marine  
  71  13:38  Supply Depot  
  60  13:45  Marine  
  60  13:46  Marine  
  60  13:47  Marauder  
  64  13:49  Marauder  
  64  13:50  Marauder  
  67  13:57  Missile Turret  
  67  13:58  Missile Turret  
  67  13:59  Missile Turret  
  67  14:01  Missile Turret  
  67  14:15  Sensor Tower  
  67  14:20  Marine  
  67  14:21  Marine x5  
  73  14:28  Missile Turret  
  73  14:34  Siege Tank  
  73  14:36  Widow Mine  
  57  14:57  Marine  
  57  14:58  Marauder x2, Marine x4  
Tags
 
Add a new tag
Caveats
  • Supply blocks, unpowered buildings, or Contaminate may cause inaccurate times.
  • Supply counts are checked every 10 seconds.